 Dungeon Crawl Stone Soup version 0.28.0-53-g5a82cb258f (webtiles) character file.

Game seed: 6158913115882875903

676 gobodom the Ruffian (level 7, 0/67 HPs)
             Began as a Troll Berserker on June 6, 2022.
             Was a Priest of Trog.
             Succumbed to a killer bee's poison
             ... on level 4 of the Dungeon.
             The game lasted 00:30:49 (3940 turns).

gobodom the Ruffian (Troll Berserker)               Turns: 3940, Time: 00:30:50

Health: 0/67       AC:  8    Str: 26    XL:     7   Next: 33%
Magic:  6/6        EV: 11    Int:  3    God:    Trog [***...]
Gold:   182        SH:  0    Dex: 11    Spells: 6/6 levels left

rFire   + + .      SeeInvis +   f - +4 dagger
rCold   . . .      Faith    +   (no shield)
rNeg    . . .      Spirit   .   a - +0 animal skin
rPois   .          Reflect  .   (helmet restricted)
rElec   .          Harm     .   (no cloak)
rCorr   .          Rampage  +   (gloves unavailable)
Will    .....                   (boots unavailable)
Stlth   +.........              b - amulet "Fesiys" {Faith Rampage rF++}
HPRegen 1.01/turn               i - ring of see invisible
MPRegen 0.10/turn               p - +4 ring of protection

@: lethally poisoned (0 -> -3)
A: large, unfitting armour, claws 3, regeneration 1, shaggy fur 1, tough skin 1
a: Renounce Religion, Berserk, Trog's Hand


You were on level 4 of the Dungeon.
You worshipped Trog.
Trog was most pleased with you.
You visited 1 branch of the dungeon, and saw 4 of its levels.

You collected 182 gold pieces.

Inventory:

Hand Weapons
 f - a +4 dagger (weapon)
 l - a +0 hunting sling
Missiles
 c - 3 boomerangs
 d - 148 stones (quivered)
 g - 3 javelins
 m - 11 bolts
 n - 22 arrows
 q - 6 poisoned darts
Armour
 a - a +0 animal skin (worn)
Jewellery
 b - the amulet "Fesiys" (around neck) {Faith Rampage rF++}
   (You acquired it on level 4 of the Dungeon)

   [amulet of faith]

   It allows you to gain divine favour quickly.
   rF:        It greatly protects you from fire.
   Rampage:   It bestows one free step when moving towards enemies.
 i - a ring of see invisible (left claw)
 p - a +4 ring of protection (right claw)
Wands
 o - a wand of iceblast (6)
Scrolls
 e - 2 scrolls of silence
 j - 2 scrolls of identify {unknown}


   Skills:
 + Level 3.3 Fighting
 + Level 2.7 Short Blades
 + Level 4.5 Dodging
 + Level 1.0 Stealth
 + Level 5.1 Unarmed Combat


You had 6 spell levels left.
You didn't know any spells.
Your spell library contained the following spells:

 Spells                   Type           Power      Damage    Failure   Level
 Magic Dart               Conj           0%         1d3       52%         1
 Slow                     Hex            0%         N/A       52%         1
 Searing Ray              Conj           0%         2d4       67%         2
 Confusing Touch          Hex            0%         N/A       88%         3
 Vampiric Draining        Necr           0%         2d6       88%         3
 Fulminant Prism          Conj/Hex       0%         3d6       99%         4
 Petrify                  Tmut/Erth      0%         N/A       99%         4
 Metabolic Englaciation   Hex/Ice        0%         N/A       100%        5
 Statue Form              Tmut/Erth      0%         N/A       100%        6


Dungeon Overview and Level Annotations

Branches:
Dungeon (4/15)
 Temple: D:4-7

Altars:
Dithmenos
Elyvilon
Hepliaklqana
Kikubaaqudgha
Wu Jian

Annotations:
D:4 Ijyb


Innate Abilities, Weirdness & Mutations

You are too large for most types of armour.
You have claws for hands.
Your natural rate of healing is unusually fast.
You are covered in fur. (AC +1)
You have tough skin. (AC +1)


Message History

You feel sick. The killer bee barely misses you. x2
You hit the killer bee.
The killer bee is heavily wounded.
You feel sick.
The killer bee stings you but does no damage.
You closely miss the killer bee.
The killer bee is heavily wounded.
You feel sick. The killer bee closely misses you.
The killer bee stings you but does no damage.
You barely miss the killer bee.
The killer bee is heavily wounded.
You feel sick.
You are no longer poisoned.
The killer bee closely misses you. The killer bee completely misses you.
You hit the killer bee but do no damage.
The killer bee is heavily wounded.
The killer bee stings you.
* * * LOW HITPOINT WARNING * * *
You are poisoned.
The killer bee poisons you! The killer bee stings you.
* * * LOW HITPOINT WARNING * * *
You barely miss the killer bee. Your claw misses the killer bee.
The killer bee is moderately wounded.
You feel sick. The killer bee closely misses you.
You hit the killer bee.
The killer bee is heavily wounded.
The killer bee stings you but does no damage.
The killer bee stings you.
* * * LOW HITPOINT WARNING * * *
You are lethally poisoned!
The killer bee poisons you!
Blink to where?
Press: ? - help, Dir - move target
As you read the scroll of blinking, it crumbles to dust.
* * * LOW HITPOINT WARNING * * *
You feel very sick.
As you read the scroll labelled HUM HERACATEK, it crumbles to dust.
It is a scroll of enchant weapon.
Your +3 dagger glows red for a moment.
You die...

..###.<...†................#
#........................#
#..........................#
....#......................#
...###....................>#
...........................#
..###......................#
.# ..#.......................
... .#......@................
.. ..........................
###.###.......................
#...$.#......................#
#...gy...................#
#.#......................#
..y#†#....................#
....##§##...................#
......
#.###.................##


You could see Ijyb and a killer bee.

Vanquished Creatures
  2 necrophages (D:4)
  A phantom (D:4)
  4 killer bees (D:4)
  An orc priest (D:4)
  Jessica (D:3)
  6 adders
  3 gnolls (D:2)
  An adder skeleton (D:4)
  3 worms
  6 dart slugs
  9 orcs
  14 ball pythons
  3 bats
  5 endoplasms
  5 giant cockroaches
  9 goblins
  9 hobgoblins
  2 jackals (D:4)
  4 quokkas
  2 frilled lizards
  9 kobolds
  2 rats
101 creatures vanquished.

Vanquished Creatures (others)
  4 fungi (D:1)
  2 plants (D:1)
6 creatures vanquished.

Grand Total: 107 creatures vanquished

Notes
Turn   | Place    | Note
-------+----------+-------------------------------------------
     0 | D:1      | gobodom the Troll Berserker began the quest for the Orb.
     0 | D:1      | Reached XP level 1. HP: 22/22 MP: 0/0
   728 | D:1      | Reached XP level 2. HP: 29/29 MP: 1/1
   965 | D:1      | Reached XP level 3. HP: 35/36 MP: 2/2
  1124 | D:1      | Found a faded altar of an unknown god.
  1687 | D:2      | Found an ancient bone altar of Kikubaaqudgha.
  1886 | D:2      | Reached ** piety under Trog
  1889 | D:2      | Reached XP level 4. HP: 19/44 MP: 3/3
  1892 | D:2      | Reached skill level 4 in Unarmed Combat
  2491 | D:3      | Found a white marble altar of Elyvilon.
  2540 | D:3      | Reached XP level 5. HP: 50/50 MP: 4/4
  2661 | D:3      | Found an ornate altar of the Wu Jian Council.
  2820 | D:3      | Noticed Jessica
  2842 | D:3      | Killed Jessica
  2877 | D:3      | Found a hazy altar of Hepliaklqana.
  3101 | D:4      | Noticed a necrophage
  3131 | D:4      | Killed a necrophage
  3132 | D:4      | Reached skill level 1 in Short Blades
  3132 | D:4      | Reached skill level 5 in Unarmed Combat
  3132 | D:4      | Reached XP level 6. HP: 30/59 MP: 5/5
  3171 | D:4      | Identified a scroll of acquirement
  3171 | D:4      | Acquired the amulet "Fesiys" {Faith Rampage rF++}
  3303 | D:4      | Reached *** piety under Trog
  3769 | D:4      | Reached XP level 7. HP: 64/67 MP: 6/6
  3787 | D:4      | Found a shadowy altar of Dithmenos.
  3914 | D:4      | Noticed Ijyb
  3931 | D:4      | Reached skill level 1 in Stealth
  3939 | D:4      | HP: 2/67 [poisoned by a killer bee]
  3940 | D:4      | Succumbed to a killer bee's poison

Illustrated notes

Levels and vault maps discovered:
D:1:      dpeg_arrival_court, layout_rooms, shapermc_ecumenical_altar_ellora,
          minivault_5, st_stairs_4
D:2:      layout_rooms, basic_altar, minmay_snake_closets
D:3:      minmay_evil_eye, layout_loops_ring, overflow_temple_1_default,
          mainiacjoe_overflow_tiny_flanked, elyvilon_altar_5, uniq_jessica
D:4:      layout_basic, mainiacjoe_overflow_alcove_2, st_stairs_1, uniq_ijyb

Skill      XL: |  1  2  3  4  5  6  7 |
---------------+----------------------+-----
Dodging        | 3 4 |  4.5
Unarmed Combat | 4 5 |  5.1
Short Blades   | 1 2 |  2.7
Fighting       | 3 |  3.3
Stealth        | 1 |  1.0

Action                   |  1- 3 |  4- 6 |  7- 9 || total
-------------------------+-------+-------+-------++-------
Melee: Unarmed           |   120 |    50 |       ||   170
       Punch             |     5 |     8 |       ||    13
       Dagger            |       |   198 |    27 ||   225
Invok: Berserk           |       |     1 |       ||     1
       Trog's Hand       |       |     1 |       ||     1
  Use: Scroll            |       |     8 |     2 ||    10
       Potion            |       |     3 |       ||     3
Armor: Animal skin       |    36 |   122 |    16 ||   174
Dodge: Dodged            |    48 |   115 |    39 ||   202
